 Dungeon Crawl Stone Soup version 0.27.1-34-g3ba077fa99 (webtiles) character file.

Game seed: 16613584391145109719

349250 LLlMATKO the Impregnable (level 21, -4/301 HPs)
             Began as a Minotaur Berserker on Jan 6, 2022.
             Was the Champion of Trog.
             Slain by a tengu reaver (13 damage)
             ... on level 5 of the Vaults on Jan 7, 2022.
             The game lasted 01:44:54 (81122 turns).

LLlMATKO the Impregnable (Minotaur Berserker)      Turns: 81122, Time: 01:44:54

Health: -4/301     AC: 35    Str: 22    XL:     21   Next: 25%
Magic:  20/20      EV: 25    Int:  4    God:    Trog [******]
Gold:   3280       SH: 27    Dex: 18    Spells: 20/20 levels left

rFire    + . .     SeeInvis +   v - +9 demon whip (elec)
rCold    + + +     Faith    .   f - +0 tower shield
rNeg     . . .     Spirit   .   M - +0 crystal plate armour
rPois    .         Reflect  +   d - +0 hat {Stlth+}
rElec    .         Harm     .   J - +0 cloak of the Mackerel {rF+ Regen+ Dex-5 SInv}
rCorr    .         Rampage  .   t - +2 pair of gloves
Will     +....                  C - +0 pair of boots
Stlth    ..........             i - amulet of reflection
HPRegen  1.60/turn              x - ring of the Hare {EV+8}
MPRegen  0.17/turn              m - ring of Zin's Approval {rC+++ EV+4 Dex+3 SInv Stlth-}

@: berserking, lethally poisoned (-4 -> -5), studying Evocations, very quick
A: horns 2, retaliatory headbutt
}: 2/15 runes: decaying, serpentine
a: Renounce Religion, Berserk, Trog's Hand, Brothers in Arms


You were on level 5 of the Vaults.
You worshipped Trog.
Trog was exalted by your worship.
You visited 6 branches of the dungeon, and saw 36 of its levels.

You collected 4277 gold pieces.
You spent 997 gold pieces at shops.

Inventory:

Hand Weapons
 v - a +9 demon whip of electrocution (weapon)
 A - the +5 mace of Mog Yst {vorpal, +Rage rC- Will+++ Int-2}
   (You found it on level 5 of the Dungeon)

   It inflicts extra damage upon your enemies.
   Int:       It affects your intelligence (-2).
   rC:        It makes you vulnerable to cold.
   +Rage:     It lets you go berserk.
   Will:      It greatly increases your willpower.
 R - a +0 hand crossbow
 W - a +2 war axe of flaming
Missiles
 e - 73 poisoned darts (quivered)
 h - 2 throwing nets
 r - 1078 bolts
 O - 6 silver javelins
Armour
 d - a +0 hat of stealth (worn)
 f - a +0 tower shield (worn)
 t - a +2 pair of gloves (worn)
 C - a +0 pair of boots (worn)
 J - the +0 cloak of the Mackerel (worn) {rF+ Regen+ Dex-5 SInv}
   (You found it on level 2 of the Vaults)

   Dex:       It affects your dexterity (-5).
   rF:        It protects you from fire.
   SInv:      It lets you see invisible.
   Regen:     It increases your rate of health regeneration.
 M - a +0 crystal plate armour (worn)
Jewellery
 b - a ring of fire
 i - an amulet of reflection (around neck)
 m - the ring of Zin's Approval (right hand) {rC+++ EV+4 Dex+3 SInv Stlth-}
   (You found it on level 4 of the Lair of Beasts)

   [ring of evasion]

   EV:        It affects your evasion (+4).
   Dex:       It affects your dexterity (+3).
   rC:        It renders you almost immune to cold.
   SInv:      It lets you see invisible.
   Stlth:     It makes you less stealthy.
 x - the ring of the Hare (left hand) {EV+8}
   (You took it off an orc on level 5 of the Dungeon)

   [ring of evasion]

   EV:        It affects your evasion (+8).
 G - a ring of resist corrosion
 I - a ring of positive energy
 K - the amulet "Afuos" {RegenMP rElec rC+ MP+9}
   (You found it on level 13 of the Dungeon)

   [amulet of magic regeneration]

   It increases your rate of magic regeneration.
   rC:        It protects you from cold.
   rElec:     It insulates you from electricity.
   MP:        It affects your magic capacity (+9).
Wands
 p - a wand of acid (27)
 u - a wand of paralysis (28)
 w - a wand of flame (70)
 H - a wand of iceblast (21)
 V - a wand of digging (4)
Scrolls
 a - 6 scrolls of enchant weapon
 c - 22 scrolls of identify
 z - a scroll of summoning
 D - 4 scrolls of fear
 F - 4 scrolls of blinking
 N - 5 scrolls of teleportation
 P - 5 scrolls of enchant armour
 U - 2 scrolls of silence
 X - 4 scrolls of fog
 Z - 2 scrolls of holy word
Potions
 g - 11 potions of curing
 j - 4 potions of haste
 k - 2 potions of magic
 n - 8 potions of heal wounds
 o - a potion of berserk rage
 s - 7 potions of flight
 L - 2 potions of might
 Q - 3 potions of resistance
 S - 2 potions of invisibility
 T - a potion of ambrosia
 Y - 6 potions of cancellation


   Skills:
 + Level 20.0 Fighting
 + Level 20.0 Maces & Flails
 - Level 10.0 Crossbows
 + Level 21.7 Armour
 + Level 20.1 Dodging
 + Level 18.2 Shields


You had 20 spell levels left.
You didn't know any spells.
Your spell library was empty.

Dungeon Overview and Level Annotations

Branches:
Dungeon (15/15)            Temple (0/1) D:5            Lair (6/6) D:9
  Swamp (4/4) Lair:4        Snake (4/4) Lair:3        Slime (0/5) Lair:5
    Orc (2/2) D:10            Elf (0/3) Orc:2        Vaults (5/5) D:13
  Crypt (0/3) Vaults:2     Depths (0/5) D:15

Altars:
Cheibriados
Fedhas
Hepliaklqana
Qazlal
Sif Muna
Uskayaw
Wu Jian
Xom
Beogh
Jiyva

Shops:
D:5 !   Orc:2 [=!!*   Snake:4 [*   Vaults:2 ?!**   Vaults:3 (   Vaults:4 (

Portals:
Pandemonium: Orc:2
Trove: Vaults:1 (give +2 gold dragon scales)

Annotations:
Lair:3 exclusion: 4 oklob plants
Vaults:2 3 transporters
Vaults:5 Mara


Innate Abilities, Weirdness & Mutations

You have a pair of horns on your head.
You reflexively headbutt those who attack you in melee.


Message History

Trog accepts your kill.
Trog appreciates your killing of a magic user.
Unknown command.
You hit the titan. You headbutt the titan!
The titan is lightly wounded.
The titan barely misses you. You furiously retaliate!
You headbutt the titan.
Unknown command.
You thrash the titan!! You headbutt the titan.
The titan is heavily wounded.
You block the titan's attack.
The tengu reaver gestures at you while chanting.
The bolt of poison hits you!!
You are poisoned.
* * * LOW HITPOINT WARNING * * *
You whack the titan!
The titan is heavily wounded.
You feel very sick. You block the titan's attack.
Unknown command.
You hit the titan. You headbutt the titan!
The titan is severely wounded.
You feel sick.
Unknown command.
You whack the titan!
The titan is severely wounded.
You feel sick. You block the tengu reaver's attack. x2
The tengu reaver misses you.
The titan gestures at you while chanting.
The bolt of lightning hits you!!!
* * * LOW HITPOINT WARNING * * *
You whack the titan!
The titan is severely wounded.
You feel sick.
You block the tengu reaver's attack. x3; The titan misses you.
You furiously retaliate!
You headbutt the titan!
Unknown command.
A red film seems to cover your vision as you go berserk!
You feel yourself moving faster!
You feel mighty!
You feel sick. You block the titan's attack.
The tengu reaver hits you with a +1 long sword!
You die...

##### .....
......
########......
#.
#)@#..........
#...#CQ#.....#
#........#..#
#...#....#..#
...#..#..#)...#
.. #.....#....#
# ..#..#......#
..#..#....#.#
##..#....#.#.#


You could see a titan and a tengu reaver.

Vanquished Creatures
  An ancient lich (Vaults:4)
  Nikola (Snake:4)
  Jorgrun (D:14)
  2 tentacled monstrosities
  A lich (Vaults:4)
  A titan (Vaults:3)
  Gastronok (D:11)
  Kirke (D:14)
  3 tengu reavers
  Roxanne (Swamp:4)
  A thorn hunter (Swamp:1)
  A fire giant (Vaults:2)
  14 vault wardens
  2 nagarajas (Snake:4)
  Louise (D:15)
  5 orc warlords
  2 ghouls (Swamp:2)
  3 very ugly things
  A war gargoyle (Vaults:3)
  12 ironbound preservers
  The ghost of Garym the Stickfighter, a journeyman MiGl of Okawaru (Orc:1)
  3 stone giants
  2 entropy weavers
  2 deep elf demonologists
  5 eleionomae
  The ghost of Hais Doe the Tainter, a journeyman NaVM of Sif Muna (Lair:4)
  12 dire elephants
  7 bunyips
  7 ettins
  A shambling mangrove (Swamp:4)
  A crystal guardian (Vaults:3)
  The ghost of Discosetron the Thaumaturge, a journeyman DjAE of Makhleb (D:11)
  2 great orbs of eyes (Vaults:3)
  8 yaktaur captains
  A peacekeeper (Vaults:3)
  39 vault guards
  18 hydras
  8 ironbound thunderhulks
  10 boulder beetles
  3 salamander tyrants (Snake:4)
  4 ice dragons (Swamp:4)
  8 anacondas
  A ghost crab (Swamp:2)
  2 catoblepae
  12 naga warriors
  Harold (D:11)
  2 death knights (Vaults:2)
  7 ironbound frosthearts
  2 two-headed ogres
  3 death yaks
  6 centaur warriors
  8 alligators
  A tengu warrior (D:13)
  A deep troll earth mage (Vaults:5)
  4 shock serpents
  Urug (Lair:3)
  10 naga sharpshooters
  5 orc high priests (Orc:2)
  A soul eater (Orc:2)
  9 ironbound beastmasters
  Nergalle (D:11)
  6 spriggans
  2 salamander mystics (Snake:4)
  A shadow wraith (Vaults:2)
  7 goliath frogs
  7 skeletal warriors
  20 deep trolls
  2 death drakes
  A spectral anaconda (Lair:6)
  A torturous demonspawn (Orc:2)
  6 spriggan druids
  5 swamp dragons
  A glowing orange brain (Vaults:2)
  5 bog bodies
  9 wizards
  An infernal demonspawn (Orc:2)
  Pikel (D:7)
  17 ironbound convokers
  19 orc knights
  4 naga ritualists
  A harpy (Vaults:1)
  An obsidian statue (Lair:6)
  5 necromancers
  3 deep elf pyromancers
  5 lindwurms
  18 mana vipers
  3 manticores
  8 orc sorcerers
  2 will-o-the-wisps
  23 ugly things
  20 salamanders
  6 cyclopes
  3 moths of wrath
  3 oklob plants (Lair:2)
  37 elephants
  A rust devil (Orc:2)
  8 guardian serpents
  9 naga magi
  Joseph (Lair:1)
  Maurice (D:11)
  36 black mambas
  17 vault sentinels
  15 cane toads
  A smoke demon (Orc:2)
  A gargoyle (D:12)
  Maggie (D:8)
  A dire elephant skeleton (Lair:6)
  A kobold demonologist (D:11)
  3 rime drakes
  A hellwing (Orc:2)
  26 yaktaurs
  7 freezing wraiths
  An ice devil (Orc:2)
  7 komodo dragons
  4 red devils (D:12)
  A queen bee (Lair:3)
  8 tyrant leeches
  3 polar bears
  9 meliai
  5 trolls
  Grinder (D:5)
  Prince Ribbit (D:6)
  5 hornets
  11 blink frogs
  29 slime creatures
  16 dream sheep
  A wind drake (shapeshifter) (D:13)
  A spectral elephant (Lair:6)
  A centaur simulacrum (D:14)
  8 wyverns
  50 yaks
  2 shadows
  2 redbacks (Vaults:4)
  4 wraiths
  3 hogs (D:14)
  3 vampires
  7 basilisks
  A hog (shapeshifter) (D:13)
  A chaos spawn (Orc:2)
  8 wargs (Orc:1)
  A steam dragon (Lair:3)
  A death yak simulacrum (Lair:6)
  3 swamp worm simulacra (Swamp:4)
  A spectral cane toad (Lair:6)
  31 nagas
  A swamp worm (shapeshifter) (Vaults:3)
  14 swamp worms
  13 water moccasins
  An acid dragon (shapeshifter) (D:13)
  2 acid dragons
  14 hydra simulacra (Swamp:4)
  A floating eye (shapeshifter) (D:13)
  A sky beast (D:7)
  A black bear (shapeshifter) (D:15)
  36 orc warriors
  4 necrophages
  An elephant zombie (Lair:6)
  3 ice beasts
  A black bear (D:8)
  9 boggarts
  5 wolves
  2 ogres
  10 centaurs
  A lemure (D:7)
  2 kobold brigands
  Blork the orc (D:4)
  10 bullfrogs
  A wyvern zombie (D:7)
  A gnoll sergeant (D:12)
  4 scorpions
  2 water moccasin zombies (D:6)
  A wyvern skeleton (D:6)
  An elephant simulacrum (Lair:6)
  33 killer bees (Lair:3)
  3 wights (D:8)
  12 electric eels
  4 howler monkeys
  2 centaur zombies
  2 hounds (D:5)
  26 orc priests
  A centaur skeleton (D:5)
  5 jellies
  5 iguanas
  19 orc wizards
  3 hell rats (Lair:3)
  2 killer bee zombies
  A hound zombie (D:5)
  3 hound skeletons (D:5)
  A howler monkey zombie (D:3)
  11 gnolls
  A howler monkey skeleton (D:5)
  8 adders
  10 river rats (Lair:3)
  2 white imps (D:6)
  5 swamp drake simulacra (Swamp:4)
  2 ufetubi (D:5)
  An adder skeleton (D:4)
  3 worms
  4 dart slugs
  91 orcs
  5 bats
  10 endoplasms
  2 giant cockroaches
  5 goblins
  6 hobgoblins
  7 jackals
  13 kobolds
  4 quokkas
  8 ball pythons
  2 frilled lizards (D:1)
  4 rats
1358 creatures vanquished.

Vanquished Creatures (collateral kills)
  The ghost of Xaeraos the Executioner, a journeyman MiFi of Okawaru (Lair:4)
  The ghost of Kyusiynim the Covert, a journeyman GnEn (Lair:4)
  The ghost of Girualoph the Thaumaturge, a journeyman DECj of Sif Muna (Lair:4)
  2 slime creatures (Vaults:4)
5 creatures vanquished.

Vanquished Creatures (others)
  A rakshasa (D:14)
  A wizard (Vaults:4)
  4 bloated husks
  A spriggan (Swamp:2)
  A swamp drake (Swamp:1)
  A kobold brigand (D:9)
  A river rat (Lair:3)
  An orc (Vaults:5)
  14 foxfires
  27 fungi
  57 plants
  34 withered plants
143 creatures vanquished.

Grand Total: 1506 creatures vanquished

Notes
Turn   | Place    | Note
-------+----------+-------------------------------------------
     0 | D:1      | LLlMATKO the Minotaur Berserker began the quest for the
                  | Orb.
     0 | D:1      | Reached XP level 1. HP: 19/19 MP: 0/0
   240 | D:1      | Reached XP level 2. HP: 24/27 MP: 1/1
   612 | D:1      | Reached skill level 3 in Armour
   883 | D:1      | Reached XP level 3. HP: 33/33 MP: 2/2
  1984 | D:2      | Reached ** piety under Trog
  2165 | D:2      | Reached XP level 4. HP: 36/40 MP: 3/3
  4321 | D:3      | Found a faded altar of an unknown god.
  4397 | D:3      | Found a faded altar of an unknown god.
  5120 | D:4      | Noticed a scorpion
  5125 | D:4      | Killed a scorpion
  5126 | D:4      | Reached skill level 4 in Armour
  5126 | D:4      | Reached XP level 5. HP: 47/47 MP: 4/4
  5364 | D:4      | Noticed Blork the orc
  5373 | D:4      | Reached skill level 5 in Fighting
  5373 | D:4      | Reached skill level 5 in Maces & Flails
  5376 | D:4      | Killed Blork the orc
  5377 | D:4      | Reached XP level 6. HP: 56/56 MP: 5/5
  6036 | D:4      | Found a hide-covered altar of Uskayaw.
  6038 | D:4      | Found a hazy altar of Hepliaklqana.
  6038 | D:4      | Found a snail-covered altar of Cheibriados.
  6038 | D:4      | Found a stormy altar of Qazlal.
  6046 | D:4      | Found a shimmering blue altar of Sif Muna.
  6046 | D:4      | Found an ornate altar of the Wu Jian Council.
  6483 | D:4      | Found a hazy altar of Hepliaklqana.
  6486 | D:4      | Found a hide-covered altar of Uskayaw.
  6486 | D:4      | Found a stormy altar of Qazlal.
  6486 | D:4      | Found a snail-covered altar of Cheibriados.
  6492 | D:4      | Found an ornate altar of the Wu Jian Council.
  6492 | D:4      | Found a shimmering blue altar of Sif Muna.
  6547 | D:5      | Entered Level 5 of the Dungeon
  6576 | D:5      | Found Qeynu's Distillery.
  6770 | D:5      | Reached skill level 5 in Armour
  7028 | D:5      | Noticed a water moccasin
  7034 | D:5      | Killed a water moccasin
  7035 | D:5      | Reached skill level 5 in Dodging
  7035 | D:5      | Reached XP level 7. HP: 62/62 MP: 6/6
  7488 | D:5      | Found a large runed translucent door.
  7488 | D:5      | Found a large runed translucent door.
  7490 | D:5      | Noticed Grinder
  7494 | D:5      | Paralysed by Grinder for 3 turns
  7500 | D:5      | Killed Grinder
  7581 | D:5      | Found a large runed translucent door.
  7581 | D:5      | Found a large runed translucent door.
  7754 | D:5      | Reached skill level 6 in Armour
  7754 | D:5      | Reached XP level 8. HP: 61/71 MP: 7/7
  7991 | D:5      | Identified the +5 mace of Mog Yst {vorpal, +Rage rC-
                  | Will+++ Int-2}
  8296 | D:5      | Found a staircase to the Ecumenical Temple.
  8609 | D:5      | Identified the +8 hunting sling of Delicate Tenacity
                  | {vorpal, rN+ rCorr}
  8710 | D:5      | Reached skill level 7 in Armour
  9176 | D:6      | Reached *** piety under Trog
  9200 | D:6      | Reached XP level 9. HP: 74/81 MP: 8/8
 10017 | D:6      | Noticed Prince Ribbit
 10024 | D:6      | Killed Prince Ribbit
 10025 | D:6      | Reached skill level 8 in Armour
 11495 | D:7      | Reached skill level 9 in Armour
 11563 | D:7      | Noticed Pikel
 11573 | D:7      | Killed Pikel
 11574 | D:7      | Reached skill level 10 in Dodging
 12736 | D:8      | Reached skill level 10 in Armour
 12811 | D:8      | Reached XP level 10. HP: 78/91 MP: 9/9
 12928 | D:8      | Noticed Maggie
 12937 | D:8      | Killed Maggie
 12938 | D:8      | Reached **** piety under Trog
 13152 | D:8      | Reached skill level 11 in Armour
 13155 | D:8      | Reached skill level 10 in Maces & Flails
 14105 | D:9      | Reached skill level 10 in Fighting
 14258 | D:9      | Found a staircase to the Lair.
 14371 | D:9      | Reached skill level 1 in Shields
 15668 | D:9      | Found a staircase to the Lair.
 16372 | D:10     | Entered Level 10 of the Dungeon
 16476 | D:10     | Noticed a green ugly thing
 16483 | D:10     | Killed a green ugly thing
 16776 | D:10     | Found a staircase to the Orcish Mines.
 17040 | D:10     | Reached ***** piety under Trog
 17178 | D:10     | Reached skill level 12 in Armour
 17627 | D:10     | Noticed a two-headed ogre
 17638 | D:10     | Killed a two-headed ogre
 17639 | D:10     | Reached XP level 11. HP: 101/101 MP: 10/10
 18164 | D:10     | Found a staircase to the Orcish Mines.
 19445 | D:11     | Noticed Nergalle
 19710 | D:11     | Killed Nergalle
 19738 | D:11     | Noticed Gastronok
 19791 | D:11     | Killed Gastronok
 19881 | D:11     | Reached skill level 5 in Shields
 20027 | D:11     | Reached skill level 13 in Armour
 20162 | D:11     | Found a runed translucent door.
 20164 | D:11     | Noticed Discosetron's ghost (journeyman DjAE)
 20463 | D:11     | Noticed Harold
 20480 | D:11     | Killed Harold
 21205 | D:11     | Killed Discosetron's ghost
 21993 | D:12     | Noticed a boulder beetle
 22029 | D:12     | Killed a boulder beetle
 22120 | D:12     | Reached XP level 12. HP: 110/111 MP: 11/11
 22188 | D:12     | Noticed a seven-headed hydra
 22197 | D:12     | Killed a seven-headed hydra
 22198 | D:12     | Reached skill level 14 in Armour
 23272 | D:12     | Received a gift from Trog
 23352 | D:12     | Noticed a two-headed ogre
 23363 | D:12     | Killed a two-headed ogre
 24061 | Lair:1   | Entered Level 1 of the Lair of Beasts
 24324 | Lair:1   | Noticed Joseph
 24349 | Lair:1   | Killed Joseph
 24505 | Lair:1   | You fall into a shaft and drop 1 floor!
 24554 | Lair:2   | Reached skill level 15 in Armour
 24804 | Lair:2   | Found a shimmering altar of Xom.
 24891 | Lair:2   | Identified the +3 trident "Zugoid" {freeze, Fly Str+5
                  | Stlth-}
 25755 | Lair:1   | Reached XP level 13. HP: 117/119 MP: 12/12
 26890 | Lair:2   | Found a shimmering altar of Xom.
 27972 | Lair:3   | Found a staircase to the Snake Pit.
 28173 | Lair:3   | Reached skill level 16 in Armour
 28791 | Lair:3   | Received a gift from Trog
 28937 | Lair:3   | Reached skill level 15 in Dodging
 29152 | Lair:3   | Noticed Urug
 29173 | Lair:3   | Killed Urug
 29174 | Lair:3   | Reached skill level 10 in Shields
 30240 | Lair:3   | Found a staircase to the Snake Pit.
 31480 | Lair:4   | Found a staircase to the Swamp.
 31573 | Lair:4   | Found a runed translucent gate.
 31575 | Lair:4   | Found a runed translucent gate.
 31576 | Lair:4   | Found a runed translucent gate.
 31577 | Lair:4   | Noticed Xaeraos's ghost (journeyman MiFi)
 31577 | Lair:4   | Noticed Hais Doe's ghost (journeyman NaVM)
 31577 | Lair:4   | Noticed Girualoph's ghost (journeyman DECj)
 31577 | Lair:4   | Noticed Kyusiynim's ghost (journeyman GnEn)
 31772 | Lair:4   | Reached XP level 14. HP: 121/130 MP: 13/13
 32318 | Lair:4   | Killed Hais Doe's ghost
 32319 | Lair:4   | Killed Girualoph's ghost
 32324 | Lair:4   | Killed Kyusiynim's ghost
 32333 | Lair:4   | Killed Xaeraos's ghost
 32339 | Lair:4   | Identified the ring of Zin's Approval {rC+++ EV+4 Dex+3
                  | SInv Stlth-}
 33175 | Lair:4   | Found a staircase to the Swamp.
 33791 | Lair:5   | Reached skill level 17 in Armour
 34042 | Lair:5   | Found a staircase to the Slime Pits.
 34060 | Lair:5   | Found a viscous altar of Jiyva.
 34185 | Lair:5   | Found an ornate altar of the Wu Jian Council.
 34185 | Lair:5   | Found a hide-covered altar of Uskayaw.
 35163 | Lair:5   | Found a viscous altar of Jiyva.
 35163 | Lair:5   | Found a staircase to the Slime Pits.
 35204 | Lair:5   | Found an ornate altar of the Wu Jian Council.
 35204 | Lair:5   | Found a hide-covered altar of Uskayaw.
 35682 | Lair:6   | Entered Level 6 of the Lair of Beasts
 35881 | Lair:6   | Found a blossoming altar of Fedhas.
 35907 | Lair:6   | Received a gift from Trog
 37162 | Lair:6   | Reached XP level 15. HP: 139/139 MP: 14/14
 37326 | Lair:6   | Reached skill level 15 in Maces & Flails
 37812 | Lair:6   | Reached skill level 15 in Fighting
 38145 | Lair:6   | Found a blossoming altar of Fedhas.
 38843 | D:11     | Noticed Maurice
 38856 | D:11     | Killed Maurice
 39284 | D:13     | Identified the amulet "Afuos" {RegenMP rElec rC+ MP+9}
 39582 | D:13     | Found a gate to the Vaults.
 39829 | D:13     | Reached skill level 1 in Crossbows
 40369 | D:13     | Found a gate to the Vaults.
 41034 | D:14     | Noticed Jorgrun
 41057 | D:14     | Killed Jorgrun
 41058 | D:14     | Reached skill level 18 in Armour
 41663 | D:14     | Noticed Kirke
 41685 | D:14     | Killed Kirke
 41685 | D:14     | Reached ****** piety under Trog
 42426 | D:15     | Entered Level 15 of the Dungeon
 43112 | D:15     | Noticed Louise
 43167 | D:15     | Killed Louise
 43260 | D:15     | Found a staircase to the Depths.
 43272 | D:15     | Received a gift from Trog
 43829 | D:15     | Found a staircase to the Depths.
 44387 | Orc:1    | Entered Level 1 of the Orcish Mines
 44535 | Orc:1    | Reached XP level 16. HP: 143/150 MP: 15/15
 44646 | Orc:2    | Entered Level 2 of the Orcish Mines
 44649 | Orc:2    | Found a staircase to the Elven Halls.
 44874 | Orc:1    | Found a transporter.
 44879 | Orc:1    | Noticed Garym's ghost (journeyman MiGl)
 44981 | Orc:1    | Found a transporter.
 45133 | Orc:1    | Killed Garym's ghost
 45559 | Orc:2    | Identified the +8 great mace of Goblin's Curse {vorpal,
                  | rPois rF- rN++} (Trog gifted it to you on level 2 of the
                  | Orcish Mines)
 45559 | Orc:2    | Received a gift from Trog
 45857 | Orc:2    | Found Houtsium's General Store.
 46017 | Orc:2    | Found Ocwoapot's Distillery.
 46143 | Orc:2    | Found Muvotuvi's Distillery.
 46417 | Orc:2    | Reached skill level 5 in Crossbows
 47109 | Orc:2    | Found Mupib's Jewellery Shop.
 47109 | Orc:2    | Found Woell's Antique Armour Boutique.
 47110 | Orc:2    | Found a one-way gate leading to the halls of Pandemonium.
 47445 | Orc:2    | Found a staircase to the Elven Halls.
 47518 | Orc:2    | Found Houtsium's General Store.
 47574 | Orc:2    | Found Ocwoapot's Distillery.
 47577 | Orc:2    | Found Muvotuvi's Distillery.
 47603 | Orc:2    | Found Mupib's Jewellery Shop.
 47603 | Orc:2    | Found Woell's Antique Armour Boutique.
 47604 | Orc:2    | Found a one-way gate leading to the halls of Pandemonium.
 48129 | Swamp:1  | Entered Level 1 of the Swamp
 48354 | Swamp:1  | Received a gift from Trog
 48596 | Swamp:1  | HP: 7/151 [will-o-the-wisp/foxfire (15)]
 49037 | Swamp:1  | Noticed a thorn hunter
 49133 | Swamp:1  | Killed a thorn hunter
 52478 | Swamp:2  | Reached XP level 17. HP: 138/159 MP: 16/16
 53042 | Swamp:2  | Reached skill level 19 in Armour
 53054 | Swamp:2  | Received a gift from Trog
 54441 | Swamp:4  | Entered Level 4 of the Swamp
 55787 | Swamp:4  | Noticed Roxanne
 56056 | Swamp:4  | Noticed a tentacled monstrosity
 56071 | Swamp:4  | Killed a tentacled monstrosity
 56180 | Swamp:4  | Identified the +5 flail of Profit {vorpal, Str+4}
 56822 | Swamp:4  | Got a decaying rune of Zot
 57300 | Swamp:4  | Killed Roxanne
 57423 | Snake:1  | Entered Level 1 of the Snake Pit
 58904 | Snake:2  | Received a gift from Trog
 59887 | Snake:2  | Identified the +9 flail of Qassafic {drain, Int+3}
 60543 | Snake:2  | Reached skill level 15 in Shields
 60978 | Snake:2  | Reached XP level 18. HP: 170/170 MP: 17/17
 62579 | Snake:4  | Entered Level 4 of the Snake Pit
 63167 | Snake:4  | Found Nuenoezu's General Store.
 63167 | Snake:4  | Found Povatewk's Armour Emporium.
 63475 | Snake:4  | Noticed Nikola
 63503 | Snake:4  | Killed Nikola
 64038 | Snake:4  | Identified the +6 flail of Abstinence {vorpal, +Blink
                  | Stlth+} (Trog gifted it to you on level 4 of the Snake Pit)
 64038 | Snake:4  | Received a gift from Trog
 67133 | Snake:4  | Found Nuenoezu's General Store.
 67133 | Snake:4  | Found Povatewk's Armour Emporium.
 68250 | Snake:4  | Got a serpentine rune of Zot
 68348 | Snake:4  | Found Nuenoezu's General Store.
 68348 | Snake:4  | Found Povatewk's Armour Emporium.
 69197 | Vaults:1 | Entered Level 1 of the Vaults
 69265 | Vaults:1 | Received a gift from Trog
 69467 | Vaults:1 | Reached skill level 10 in Crossbows
 69644 | Vaults:1 | Reached skill level 20 in Armour
 70338 | Vaults:1 | Found a portal to a secret trove of treasure.
 70755 | Vaults:1 | Reached XP level 19. HP: 179/179 MP: 18/18
 70764 | Vaults:1 | Received a gift from Trog
 71814 | Vaults:1 | Found a portal to a secret trove of treasure.
 72053 | Vaults:2 | Found Luom's Distillery.
 72068 | Vaults:2 | Found Dalurr's General Store.
 73028 | Vaults:2 | Found a staircase to the Crypt.
 73116 | Vaults:2 | Received a gift from Trog
 73542 | Vaults:2 | Found a transporter.
 73543 | Vaults:2 | Found a transporter.
 73557 | Vaults:2 | Found a transporter.
 73575 | Vaults:2 | Found a transporter.
 73593 | Vaults:2 | Found a transporter.
 73648 | Vaults:2 | Found Wosimust's Magic Scroll Shop.
 73652 | Vaults:2 | Bought a scroll of enchant weapon for 157 gold pieces
 73946 | Vaults:2 | Found Oribidd's Assorted Antiques.
 73960 | Vaults:2 | Bought a steaming plate armour for 840 gold pieces
 73960 | Vaults:2 | Identified the +1 plate armour of Deitapta {-Cast rN+
                  | Will++ Stlth+} (You bought it in a shop on level 2 of the
                  | Vaults)
 74608 | Vaults:2 | Identified the +0 cloak of the Mackerel {rF+ Regen+ Dex-5
                  | SInv}
 74799 | Vaults:3 | Found Vumn's Antique Weapon Emporium.
 75333 | Vaults:3 | Received a gift from Trog
 75607 | Vaults:3 | You fall into a shaft and drop 1 floor!
 75776 | Vaults:4 | Reached XP level 20. HP: 127/189 MP: 19/19
 75908 | Vaults:4 | Found Cack's Antique Weapon Shop.
 76528 | Vaults:4 | Received a gift from Trog
 76714 | Vaults:3 | Reached skill level 21 in Armour
 77550 | Vaults:3 | Paralysed by a great orb of eyes for 7 turns
 77712 | Vaults:3 | Received a gift from Trog
 77712 | Vaults:3 | Found the +14 obsidian axe {vorpal, Mesm Drain Fly SInv}
 78399 | Vaults:3 | Found Vumn's Antique Weapon Emporium.
 79975 | Vaults:4 | Found Cack's Antique Weapon Shop.
 80203 | Vaults:5 | Entered Level 5 of the Vaults
 80487 | Vaults:5 | Noticed an ancient lich
 80701 | Vaults:4 | Reached XP level 21. HP: 200/200 MP: 20/20
 80752 | Vaults:5 | Noticed Mara
 80772 | Vaults:4 | Received a gift from Trog
 81015 | Vaults:4 | Killed an ancient lich
 81066 | Vaults:5 | Noticed a dread lich
 81120 | Vaults:5 | HP: 6/201 [titan/bolt of lightning (45)]
 81122 | Vaults:5 | Slain by a tengu reaver

Illustrated notes

Levels and vault maps discovered:
D:1:      lemuel_arrival_hallway, layout_loops_ring, minmay_shallow_snake_nest
D:2:      layout_loops_ring, minivault_5, kennysheep_generic_room_15
D:3:      layout_basic, dreamdust_ecumenical_altar_statues
D:4:      layout_cave_pools, minmay_overflow_temple_hex,
          mrwooster_statue_mirror, uniq_blork_the_orc
D:5:      layout_loops_cross, minmay_temple_entry_fiery,
          minmay_shop_grid_forest, moated_statue, minmay_hollow_rounded_squares,
          uniq_grinder
D:6:      layout_loops_corners, enter_ossuary_2, minmay_manual_mess,
          uniq_prince_ribbit1
D:7:      layout_loops_ring, uniq_pikel
D:8:      layout_basic, uniq_maggie
D:9:      layout_basic, lair_entry_dummy, minmay_misc_feat_x
D:10:     layout_loops_corners, david_orc_5
D:11:     layout_basic, gammafunk_ghost_grave, uniq_nergalle, uniq_maurice,
          uniq_harold, uniq_gastronok
D:12:     layout_irregular_city, palyth_stone_intersect,
          einodemon_armed_red_devil_minivault
D:13:     layout_gridville, david_vaults_2
D:14:     layout_cave_pools, uniq_jorgrun, uniq_kirke
D:15:     grunt_enter_depths_giant_problem, layout_cave_pods, uniq_louise
Lair:1:   layout_chaotic_city, grunt_megastairs_2, uniq_joseph
Lair:2:   layout_chaotic_city, basic_altar, minmay_lair_oklob_chamber,
          grunt_megastairs_3
Lair:3:   hangedman_what_comes_after_a, layout_hall_layers,
          minmay_snake_entry_guardpost_small, kennysheep_rathole, uniq_urug
Lair:4:   layout_loops_ring, nicolae_swamp_entry_splash_gauntlet,
          gammafunk_ghost_cemetery, worms_lemuel, serial_bayou_shore_a
Lair:5:   nzn_winding_woodlands_small [nzn_winding_woodlands_5x15_jagged,
          nzn_winding_woodlands_center_triple_pond,
          nzn_winding_woodlands_5x15_parted], layout_regular_city,
          slime_altar_1, nzn_masters_of_martial_movement
Lair:6:   due_jungle_book, layout_concentric_octagons, basic_altar,
          grunt_megastairs_1, serial_bayou_shore_b
Swamp:1:  layout_falls_marsh, hangedman_swamp_blocks, swamp_pool1
Swamp:2:  layout_falls_marsh, evilmike_swamp_ruin_house_5, swamp_pool3,
          hangedman_swamp_grove, infiniplex_staircase_pool_2
Swamp:3:  layout_falls_marsh, nicolae_swamp_some_circles, swamp_pool4
Swamp:4:  swamp_icy, layout_basic_swamp, uniq_roxanne
Snake:1:  layout_honeycomb
Snake:2:  layout_misc_corridors
Snake:3:  layout_layer_cave, grunt_ministairs_14, nicolae_snake_mages_go_home
Snake:4:  grunt_snake_rune_serpentine_throne, layout_onion, minmay_shoptagon,
          uniq_nikola
Orc:1:    layout_diamond_mine, gammafunk_ghost_berserking_beasts
Orc:2:    pf_orc_diabolical, layout_caves, serial_shops,
          nicolae_shop_window_shopping, nicolae_orc_pool_cavern
Vaults:1: v_misc_14, v_misc_17, nicolae_vaults_asterisk,
          nicolae_vaults_shelves_hall, ontoclasm_vaults_spin,
          ontoclasm_vaults_chip, v_misc_29,
          vaults_room_grunt_arrival_checkpoint, grunt_vaults_swirl, v_misc_13,
          nicolae_vaults_mini_display_case, layout_vaults_omnigrid,
          nicolae_trove_entry_crossroad
Vaults:2: nicolae_vaults_inception_statues, nicolae_vaults_alarming,
          vaults_dpeg_ring, blue_anna_dwarven_crypt, vaults_room_pool,
          v_misc_30, nicolae_vaults_border_crossing, v_misc_29,
          gammafunk_the_bubble [the_bubble_gammafunk_roulette], v_misc_17,
          vaults_room_pools, hangedman_vaults_restitches, v_misc_24,
          ontoclasm_vaults_ligature, vaults_mumra_hex, vaults_dpeg_hooks,
          layout_vaults_maze_bifur, serial_shops, shop,
          nicolae_shop_temple_entry_statues_fountains, nicolae_diamond_shop,
          shop
Vaults:3: vaults_dpeg_diagonal, nicolae_vaults_shelves_hall,
          nicolae_vaults_branching_niches, vaults_room_ringed_pool,
          nicolae_vaults_network_barrier, nicolae_vaults_network_s,
          hangedman_vaults_nodes, v_rooms_4, v_alt_pattern_2,
          nicolae_vaults_specimen_jars, layout_vaults_omnicross, serial_shops,
          shop, serial_glass
Vaults:4: ontoclasm_vaults_tryst, grunt_vaults_focal, hangedman_vaults_snaps,
          vaults_mumra_chevron, vaults_room_semicircle,
          ontoclasm_vaults_ring_small, vaults_mumra_lcd, v_rooms_4,
          nicolae_vaults_angled_halls, nicolae_vaults_know_your_exits,
          v_misc_16, layout_vaults_big_room, serial_shops, shop
Vaults:5: uniq_margery, uniq_mara, uniq_jory

Skill      XL: |  1  2  3  4  5  6  7  8  9 10 11 12 13 14 15 16 17 18 19 20 21 |
---------------+----------------------------------------------------------------+-----
Fighting       | 4 5 6 7 9 10 11 12 13 14 15 16 17 18 19 20 | 20.0
Maces & Flails | 4 5 6 7 9 10 11 12 13 14 15 16 17 18 19 20 | 20.0
Armour         | 3 4 5 6 7 10 12 13 15 16 17 18 19 20 21 | 21.7
Dodging        | 3 4 5 6 8 10 12 13 14 15 16 17 18 19 20 | 20.1
Shields        | 3 6 8 10 11 13 14 15 16 17 18 | 18.2
Crossbows      | 4 6 8 10 | 10.0

Action                   |  1- 3 |  4- 6 |  7- 9 | 10-12 | 13-15 | 16-18 | 19-21 || total
-------------------------+-------+-------+-------+-------+-------+-------+-------++-------
Melee: Mace              |    80 |   123 |   246 |   636 |  1463 |  1825 |       ||  4373
       Headbutt          |    14 |    33 |    56 |   163 |   543 |   721 |   409 ||  1939
       War axe           |       |       |       |       |    87 |   135 |       ||   222
       Flail             |       |       |       |       |       |    19 |       ||    19
       Demon whip        |       |       |       |       |       |   384 |  1245 ||  1629
       Broad axe         |       |       |       |       |       |       |    24 ||    24
 Fire: Hand crossbow     |       |       |       |       |       |    34 |       ||    34
Throw: Dart              |       |    27 |     6 |    85 |    77 |    70 |     7 ||   272
Invok: Berserk           |       |     3 |     3 |    19 |    17 |    23 |    14 ||    79
       Brothers in Arms  |       |       |       |       |     2 |       |       ||     2
  Use: Scroll            |       |       |    10 |     6 |    17 |     8 |     4 ||    45
       Potion            |       |       |       |     1 |     2 |       |       ||     3
 Stab: Sleeping          |     2 |     1 |       |       |       |       |       ||     3
       Petrifying        |       |       |       |       |     1 |       |       ||     1
       Petrified         |       |       |       |       |     1 |       |       ||     1
Armor: Animal skin       |    17 |    13 |    13 |       |       |       |       ||    43
       Plate armour      |       |       |    62 |   130 |   254 |   215 |       ||   661
       Crystal plate arm |       |       |       |       |       |    52 |   199 ||   251
Dodge: Dodged            |    54 |    63 |   121 |   329 |   883 |   967 |   419 ||  2836
Block: Other             |     1 |    29 |    40 |     7 |       |       |       ||    77
       Reflection        |       |     1 |       |    13 |    20 |   130 |    67 ||   231
       Buckler           |       |       |       |   299 |   310 |       |       ||   609
       Kite shield       |       |       |       |       |   676 |       |       ||   676
       Tower shield      |       |       |       |       |    48 |  2590 |  1109 ||  3747
